 Dungeon Crawl Stone Soup version 0.29-a0-648-g6b26cc9f40 (webtiles) character file.

Game seed: 17084732385471221428

14 YayAnonymity the Ruffian (level 2, -2/26 HPs)
             Began as a Ghoul Monk on June 20, 2022.
             Killed from afar by a dart slug (4 damage)
             ... with a slug dart
             ... on level 1 of the Dungeon.
             The game lasted 00:00:33 (279 turns).

YayAnonymity the Ruffian (Ghoul Monk)                Turns: 279, Time: 00:00:33

Health: -2/26      AC:  2    Str: 14    XL:     2   Next: 45%
Magic:  1/1        EV: 12    Int:  5    God:
Gold:   5          SH:  0    Dex: 11    Spells: 1/1 levels left

rFire   . . .      SeeInvis .     - Unarmed
rCold   + . .      Faith    .   (no shield)
rNeg    + + +      Spirit   .   a - +0 robe
rPois   ∞          Reflect  .   (no helmet)
rElec   .          Harm     .   (no cloak)
rCorr   .          Rampage  .   (no gloves)
Will    .....                   (no boots)
Stlth   ++........              (no amulet)
HPRegen 0.00/turn               (no ring)
MPRegen 0.07/turn               (no ring)

@: inhibited regen
A: claws 1, cold resistance 1, negative energy resistance 3, inhibited
regeneration, torment resistance 2, devour on kill
a: no special abilities


You were on level 1 of the Dungeon.
You visited 1 branch of the dungeon, and saw 1 of its levels.

You collected 5 gold pieces.

Inventory:

Armour
 a - a +0 robe (worn)
Potions
 b - a potion of ambrosia
 c - 2 potions of curing {unknown}
 d - a potion of magic {unknown}


   Skills:
 + Level 3.5 Fighting
 + Level 2.9 Dodging
 - Level 2.1 Stealth
 * Level 3.7 Unarmed Combat


You had one spell level left.
You didn't know any spells.
Your spell library was empty.

Dungeon Overview and Level Annotations

Branches:
Dungeon (1/15)

Altars:


Innate Abilities, Weirdness & Mutations

You are immune to poison.
You have sharp fingernails.
Your flesh is cold resistant. (rC+)
You are immune to negative energy. (rN+++)
You do not regenerate when monsters are visible.
You are immune to unholy pain and torment.
You thrive by killing the living.


Message History

The kobold barely misses you.
You closely miss the kobold.
The dart slug briefly extends its eye-stalks.
The dart slug bites you. The kobold barely misses you.
The kobold closely misses you.
You scratch the kobold but do no damage.
The dart slug misses you. The kobold misses you.
The kobold hits you with a +0 dagger.
You barely miss the kobold. The kobold closely misses you.
The kobold hits you with a +0 dagger.
You scratch the kobold.
The kobold is heavily wounded.
The dart slug barely misses you.
The kobold hits you with a +0 short sword.
The kobold hits you but does no damage.
You scratch the kobold.
You kill the kobold!
The dart slug bites you. The kobold hits you but does no damage.
You scratch the dart slug but do no damage.
The dart slug launches a dart at you. The slug dart hits you.
You are too injured to fight recklessly!
You are too injured to fight recklessly!
You are too injured to fight recklessly!
You barely miss the kobold. The kobold barely misses you.
You closely miss the kobold. You claw the kobold, but do no damage.
The kobold hits you with a +0 dagger.
The dart slug briefly extends its eye-stalks.
The dart slug bites you.
* * * LOW HITPOINT WARNING * * *
You barely miss the kobold. The kobold closely misses you.
You barely miss the kobold. The kobold hits you with a +0 dagger.
* * * LOW HITPOINT WARNING * * *
The dart slug bites you.
* * * LOW HITPOINT WARNING * * *
You scratch the kobold but do no damage.
The kobold closely misses you. The dart slug launches a dart at you.
The slug dart hits you.
You die...

...##.. .. ......
.... #..... #.#..
###....##.....#
......#)..#..#
#....#..#..#
####..)wK..#.####
#......@.........
..#.............#
#.....†...$##
#?..........#
#....(..)...##
..##.......## .
#.........#
....####...##
##+##...
#.....#########


You could see a dart slug and a kobold.

Vanquished Creatures
  A ball python (D:1)
  An endoplasm (D:1)
  A goblin (D:1)
  3 hobgoblins (D:1)
  2 jackals (D:1)
  A kobold (D:1)
  3 rats (D:1)
12 creatures vanquished.

Notes
Turn   | Place    | Note
-------+----------+-------------------------------------------
     0 | D:1      | YayAnonymity the Ghoul Monk began the quest for the Orb.
     0 | D:1      | Reached XP level 1. HP: 19/19 MP: 0/0
   195 | D:1      | Reached XP level 2. HP: 26/26 MP: 1/1
   279 | D:1      | Killed from afar by a dart slug

Illustrated notes

Levels and vault maps discovered:
D:1:      dpeg_arrival_simpleton_c, layout_rooms, ebering_ecumenical_altar_mist

Action                   || total
-------------------------++-------
Melee: Unarmed           ||    48
       Punch             ||     1
 Stab: Sleeping          ||     1
Armor: Robe              ||     5
Dodge: Dodged            ||    31

Table legend: (Time is in decaauts)
 A = Elapsed time spent in this place.
 B = Non-inter-level travel time spent in this place.
 C = Inter-level travel time spent in this place.
 D = Time resting spent in this place.
 E = Time spent auto-exploring this place.
 F = Levels seen in this place.
 G = Mean time per level.
                   A        B        C        D        E       F      G
               +--------+--------+--------+--------+--------+-----+--------+
         Total |    275 |    275 |      0 |      0 |    194 |   1 |  275.0 |
       Dungeon |    275 |    275 |      0 |      0 |    194 |   1 |  275.0 |
               +--------+--------+--------+--------+--------+-----+--------+

Top non-repeatable levels by time:
     D:1: 275 daAuts
